[Event "IIFL Wealth  4th Mumbai Junior U-13"]
[Site "Mumbai"]
[Date "2019.01.07"]
[Round "9"]
[White "Ayush Sharma"]
[Black "Dhanvij Ansh"]
[Result "1-0"]
[ECO "B13"]
[WhiteElo "1979"]
[BlackElo "1523"]
[Annotator "NA RC"]
[PlyCount "75"]
[EventDate "2018.12.30"]
[EventType "swiss"]
[EventCountry "IND"]
[SourceTitle "playchess.com"]
[Source "ChessBase"]
[SourceQuality "1"]
[TimeControl "40/5400+30:1800+30"]

1. e4 c6 2. d4 d5 3. exd5 cxd5 4. Bd3 Nc6 5. c3 Qc7 6. Ne2 Bg4 7. f3 Bd7 8. Bf4 e5 {[%emt 0:00:36] B13: Caro-Kann: Exchange Variation and Panov-Botvinnik Attack} 9. dxe5 Nxe5 10. O-O Bd6 (10... Nf6 11. Nd4 Bd6 12. Na3 O-O 13. Kh1 Bxa3 14. bxa3 Nh5 15. Bxe5 Qxe5 16. Re1 {½-½ (35) Gusain,H (2461)-Warakomski,T (2518) Warsaw 2017}) 11. Na3 Nf6 12. Nb5 Qb6+ $146 ({Predecessor:} 12... Bxb5 13. Bxb5+ Nc6 14. Bxd6 Qxd6 15. Qd2 O-O {0-1 (30) Lovati,E (1374)-Margstahler,F (1836) Milan 2010}) 13. Ned4 Bxb5 14. Bxb5+ Kf8 15. Be3 Bc5 16. Qe2 a6 17. b4 Bxd4 18. Bxd4 Qxb5 19. Qxe5 Qc6 20. Rfe1 Re8 21. Qf5 Re6 22. Re5 Rxe5 $2 (22... h5 23. Rae1 Rxe5 24. Qxe5 Kg8) 23. Qxe5 ({Weaker is} 23. Bxe5 Qe6 $16) 23... h6 (23... Qc8 {was worth a try.} 24. Qd6+ Kg8) 24. Qb8+ ({Not} 24. Re1 Kg8 $18) 24... Qe8 25. Qxb7 Kg8 26. Qxa6 Nd7 27. a4 Kh7 28. Qd3+ Kg8 29. a5 f6 30. Qf5 Qf7 31. a6 g6 32. Qf4 Kg7 33. a7 Ra8 34. Qc7 Qe8 35. b5 $18 Rxa7 36. Bxa7 g5 37. b6 Qe3+ 38. Kh1 1-0

[Event "IIFL Wealth  4th Mumbai Junior U-13"]
[Site "Mumbai"]
[Date "2019.01.07"]
[Round "9"]
[White "Shah Jeet"]
[Black "Manish Anto Cristiano F"]
[Result "1/2-1/2"]
[ECO "B90"]
[WhiteElo "1904"]
[BlackElo "2065"]
[Annotator "NA RC"]
[PlyCount "121"]
[EventDate "2018.12.30"]
[EventType "swiss"]
[EventCountry "IND"]
[SourceTitle "playchess.com"]
[Source "ChessBase"]
[SourceQuality "1"]
[TimeControl "40/5400+30:1800+30"]

1. e4 c5 2. Nf3 d6 3. d4 cxd4 4. Nxd4 Nf6 5. Nc3 a6 6. Bc4 e6 7. Bb3 Nbd7 8. f4 Nc5 9. f5 Be7 10. O-O O-O 11. Qf3 Kh8 {[%emt 0:06:28] LiveBook: 4 Games B86: Sicilian Scheveningen/Najdorf: 6 Bc4, without early ...b5} 12. g4 Nfd7 13. Qg2 $146 ({Predecessor:} 13. Be3 Ne5 14. Qg3 Bd7 15. Rad1 Bh4 16. Qg2 Bg5 17. Bf2 b5 18. Nf3 Nxf3+ 19. Qxf3 {½-½ (41) Honfi,K-Vogt,L (2495) Trnava 1982}) 13... Ne5 14. Nf3 (14. g5 $11) 14... Nxf3+ 15. Rxf3 b5 16. fxe6 fxe6 17. Rxf8+ Bxf8 18. Be3 Nxb3 19. axb3 Bb7 20. Rf1 Qd7 21. Qf3 Kg8 22. g5 Rc8 23. h4 Qe8 (23... d5 $5 24. Qd1 {[#]} d4 $1 25. Qxd4 Qxd4 26. Bxd4 b4 $17) 24. Qg4 (24. Rf2 $11 {remains equal.}) 24... b4 25. Ne2 Qg6 26. Nf4 Qxe4 27. Qxe6+ Qxe6 28. Nxe6 Be7 29. Nd4 Be4 30. Rf2 d5 31. Kf1 Bd6 32. Nf5 Bf8 33. Nd4 g6 34. Ke1 Bg7 35. Kd1 Be5 36. Kc1 a5 37. Kd1 Ra8 38. Nc6 Bxb2 39. Bb6 a4 40. Nxb4 axb3 41. cxb3 Bc3 42. Na2 Be5 43. Rd2 Rb8 44. Bd4 Bf4 (44... Bg3 $17 45. Nc3 Bxh4 46. Nxe4 dxe4) 45. Rb2 $1 Bg3 46. b4 $1 Bxh4 47. b5 Bxg5 48. b6 $1 Bf4 49. b7 Re8 50. Nb4 Bf3+ 51. Kc2 Re6 52. Nd3 Be4 53. b8=Q+ Bxb8 54. Rxb8+ Kf7 55. Rh8 g5 56. Kd2 Kg6 57. Nc5 Re7 58. Rg8+ Kf5 $11 59. Ke3 h5 60. Rf8+ Kg4 61. Bf6 1/2-1/2

[Event "IIFL Wealth  4th Mumbai Junior U-13"]
[Site "Mumbai"]
[Date "2019.01.07"]
[Round "9"]
[White "Larmet, Nino"]
[Black "Kriti Mayur Patel"]
[Result "1/2-1/2"]
[ECO "C77"]
[WhiteElo "1835"]
[BlackElo "1439"]
[Annotator "NA RC"]
[PlyCount "117"]
[EventDate "2018.12.30"]
[EventType "swiss"]
[EventCountry "IND"]
[SourceTitle "playchess.com"]
[Source "ChessBase"]
[SourceQuality "1"]
[TimeControl "40/5400+30:1800+30"]

1. e4 e5 2. Nf3 Nc6 3. Bb5 a6 4. Ba4 Nf6 5. d3 b5 6. Bb3 Bc5 7. Bg5 O-O 8. O-O d6 {[%emt 0:02:07] C78: Ruy Lopez: Archangelsk and Möller Defences} 9. c3 h6 10. Bh4 Bg4 11. Nbd2 Rb8 12. Re1 g5 13. Bg3 Nh5 14. h3 Bxf3 15. Qxf3 Nxg3 16. Qxg3 {[%emt 0:00:03] [#]} Kh8 $146 ({Predecessor:} 16... Qf6) 17. Qf3 Bb6 18. Nf1 Na5 19. Bc2 Nc6 20. Ng3 a5 (20... Qe7 $16) 21. Rad1 Rg8 22. Nh5 ({Reject} 22. Qxf7 $6 Rf8 $11) 22... Qe7 23. Nf6 Rg6 24. Nd5 Qd7 25. Bb3 Ba7 26. Ne3 Rf8 27. Qf5 Qxf5 28. Nxf5 (28. exf5 $16 Rf6 29. Nd5 Rxf5 30. Rd2) 28... Rf6 29. Bd5 Ne7 $2 ({Better is} 29... Nd8 $14) 30. Nxe7 Bxf2+ 31. Kf1 Bxe1+ 32. Kxe1 Kh7 33. Ke2 Re8 34. Nc6 a4 35. Nb4 Rb8 36. Bc6 Rg6 37. Rf1 Kg7 38. Bd5 Rf6 39. Rxf6 Kxf6 40. Bc6 Kg6 41. d4 f6 (41... h5 $142 42. dxe5 dxe5) 42. d5 Rb6 43. g4 Kf7 44. Kd3 Ke7 45. Nc2 Kf7 46. Ne3 Rb8 47. Nf5 Kg6 48. Kc2 h5 49. b3 hxg4 50. hxg4 axb3+ 51. Kxb3 Rb6 52. Kb4 Ra6 53. a3 Ra4+ 54. Kb3 Rxe4 55. Bxb5 Rxg4 56. Ne3 (56. Ne7+ {was worth a try.} Kf7 57. Nf5) 56... Rg3 57. Be8+ Kh7 58. Nf5 Rf3 59. Bd7 $19 1/2-1/2

[Event "IIFL Wealth  4th Mumbai Junior U-13"]
[Site "Mumbai"]
[Date "2019.01.07"]
[Round "9"]
[White "Aditya Varun Gampa"]
[Black "Dande Vyankatesh S"]
[Result "1/2-1/2"]
[ECO "C42"]
[WhiteElo "1809"]
[BlackElo "1418"]
[Annotator "NA RC"]
[PlyCount "182"]
[EventDate "2018.12.30"]
[EventType "swiss"]
[EventCountry "IND"]
[SourceTitle "playchess.com"]
[Source "ChessBase"]
[SourceQuality "1"]
[TimeControl "40/5400+30:1800+30"]

1. e4 e5 2. Nf3 Nf6 3. Nxe5 d6 4. Nf3 Nxe4 5. c4 d5 6. cxd5 {[%emt 0:00:28] C42: Petroff Defence: 3 Nxe5 and unusual White 3rd moves} Qxd5 7. Nc3 (7. Be2 Bd6 8. Nc3 Nxc3 9. dxc3 Qxd1+ 10. Bxd1 O-O 11. Be3 Nc6 12. Bc2 h6 13. O-O-O Be6 {½-½ (79) Vavulin,M (2575)-Fedoseev,V (2724) Moscow 2018}) 7... Nxc3 8. bxc3 Be7 9. Be2 Nc6 $146 ({Predecessor:} 9... c5 10. c4 Qd6 11. Bb2 Bf6 12. Bxf6 Qxf6 13. Rb1 Nc6 {0-1 (35) Szymczak,Z (2400)-Drtina,M (2225) Trnava 1989}) 10. d4 Bf6 11. Be3 Bf5 12. Qb3 Qxb3 13. axb3 O-O 14. O-O a6 15. b4 Rfe8 16. Rad1 Rad8 17. d5 Nb8 18. Nd4 Bg6 19. c4 Nd7 20. b5 axb5 (20... a5 $15) 21. Nxb5 Be5 22. c5 Nf6 23. d6 cxd6 24. Nxd6 Bxd6 25. Rxd6 Ne4 26. Rb6 Nxc5 27. Rc1 Nd3 28. Bxd3 Rxd3 29. Rxb7 Red8 30. h3 Rd1+ 31. Rxd1 Rxd1+ 32. Kh2 h6 33. h4 Re1 34. g4 Rh1+ 35. Kg3 Rg1+ 36. Kf4 h5 37. f3 Rf1 38. Rb8+ ({Better is} 38. g5 $11) 38... Kh7 39. Kg3 hxg4 40. fxg4 Be4 41. Bf2 Rc1 42. Kf4 Bd5 43. Rd8 Rc4+ 44. Ke5 Be6 45. g5 Rc2 46. Bg3 Rc5+ 47. Kf4 Rc4+ 48. Ke3 Rc3+ 49. Kf2 Kg6 50. Rh8 Kf5 51. Bd6 Rc2+ 52. Ke3 Rc3+ 53. Kd4 Rc4+ 54. Kd3 g6 55. Be7 Rg4 56. h5 gxh5 57. Rxh5 Rg3+ 58. Ke2 Ke4 59. Rh4+ Rg4 60. Rh2 Bc4+ 61. Kd2 Be6 62. Kc3 Kf5 63. Re2 Rc4+ 64. Kd3 Rf4 65. Re1 Rf3+ 66. Kd4 Rf4+ 67. Kc5 Rc4+ 68. Kb5 Rc7 69. Bf6 {[%emt 0:00:47] Decoy} Kg6 70. Kb6 Rc4 71. Rh1 Rb4+ 72. Kc5 Rc4+ 73. Kd6 Rc2 74. Rh6+ Kf5 75. Ke7 Rc8 76. Rh7 Ra8 77. Rg7 Ra7+ 78. Ke8 Bd5 79. Bd8 Ke6 80. g6 Ra8 81. Rxf7 Bc6+ 82. Kf8 Rxd8+ 83. Kg7 Bd5 84. Rf2 Be4 85. Re2 Ke5 86. Kh6 Rd6 87. Kh7 $11 Kf4 88. Rxe4+ Kxe4 89. g7 Rd7 90. Kh8 Rxg7 91. Kxg7 Ke5 1/2-1/2

[Event "IIFL Wealth  4th Mumbai Junior U-13"]
[Site "Mumbai"]
[Date "2019.01.07"]
[Round "9"]
[White "Barde Om"]
[Black "Agarwal Mukund H"]
[Result "1-0"]
[ECO "B78"]
[WhiteElo "1801"]
[BlackElo "1375"]
[Annotator "NA RC"]
[PlyCount "69"]
[EventDate "2018.12.30"]
[EventType "swiss"]
[EventCountry "IND"]
[SourceTitle "playchess.com"]
[Source "ChessBase"]
[SourceQuality "1"]
[TimeControl "40/5400+30:1800+30"]

1. e4 c5 2. Nf3 d6 3. d4 cxd4 4. Nxd4 Nf6 5. Nc3 g6 6. Be3 Bg7 7. f3 O-O 8. Bc4 Nc6 9. Qd2 Bd7 10. O-O-O Rc8 11. Bb3 Ne5 12. g4 Nc4 13. Bxc4 Rxc4 14. Kb1 a6 15. h4 {[%emt 0:04:44] B78: Sicilian Dragon: Yugoslav Attack, 9 Bc4 Bd7 10 0-0-0 Rc8} h5 16. gxh5 {[%emt 0:07:56] LiveBook: 4 Games} Nxh5 17. Nce2 (17. Rdg1 Kh7 18. Rg5 Rh8 19. Qd3 b5 20. e5 Kg8 21. e6 fxe6 22. Rhg1 Qf8 23. Rxg6 {1-0 (40) Smirin,I (2656)-Abdyjapar,A (2368) Tromsoe 2014}) 17... Qc7 18. Bh6 Rc8 19. Bxg7 Kxg7 20. c3 b5 21. Rdg1 b4 22. Qg5 $146 ({Predecessor:} 22. cxb4 e5 {1-0 (35) Kugler,F (2104)-Tkachuk,K (2176) Oberhof 2010}) 22... Rc5 23. Nf5+ ({Reject} 23. Qxe7 Kg8 $19) (23. Qe3 $1 $11 {was the only way to keep the balance.}) 23... Bxf5 24. exf5 Rh8 $2 (24... bxc3 $17 25. Nxc3 Rxc3 26. Qxh5 Qc5) 25. cxb4 Rd5 (25... Re5 $142) 26. Nc3 $18 Re5 27. f4 Re3 28. Nd5 Qc4 29. Nxe3 Qd3+ 30. Nc2 Rc8 31. Rh2 Nf6 32. fxg6 fxg6 33. f5 Ne4 34. Qxg6+ Kh8 35. Qh5# 1-0

[Event "IIFL Wealth  4th Mumbai Junior U-13"]
[Site "Mumbai"]
[Date "2019.01.07"]
[Round "9"]
[White "Garv Rai"]
[Black "Shreyas Seshadri Nallore"]
[Result "1-0"]
[ECO "A45"]
[WhiteElo "1772"]
[BlackElo "1343"]
[Annotator "NA RC"]
[PlyCount "41"]
[EventDate "2018.12.30"]
[EventType "swiss"]
[EventCountry "IND"]
[SourceTitle "playchess.com"]
[Source "ChessBase"]
[SourceQuality "1"]
[TimeControl "40/5400+30:1800+30"]

1. d4 Nf6 2. Bf4 e6 3. e3 d5 4. Nd2 c5 5. c3 Be7 6. Ngf3 O-O 7. Ne5 Nbd7 8. Bd3 c4 9. Bc2 Nxe5 10. dxe5 Nd7 11. Nf3 b5 12. h4 f6 13. Bxh7+ Kxh7 14. Ng5+ fxg5 15. hxg5+ Kg8 16. Rh8+ Kxh8 17. Qh5+ Kg8 18. g6 Nf6 19. exf6 Rxf6 20. Qh7+ Kf8 21. Qh8# 1-0

[Event "IIFL Wealth  4th Mumbai Junior U-13"]
[Site "Mumbai"]
[Date "2019.01.07"]
[Round "9"]
[White "Bhagyashree Patil"]
[Black "Ananya Arumbakkam"]
[Result "1/2-1/2"]
[ECO "C54"]
[WhiteElo "1758"]
[BlackElo "1405"]
[Annotator "NA RC"]
[PlyCount "103"]
[EventDate "2018.12.30"]
[EventType "swiss"]
[EventCountry "IND"]
[SourceTitle "playchess.com"]
[Source "ChessBase"]
[SourceQuality "1"]
[TimeControl "40/5400+30:1800+30"]

1. e4 e5 2. Nf3 Nc6 3. Bc4 Bc5 4. c3 Nf6 5. d3 O-O 6. O-O d6 7. b4 Bb6 8. a4 a5 9. b5 Ne7 10. Re1 Ng6 11. Bb3 c6 12. d4 exd4 13. cxd4 d5 14. e5 Ne4 15. bxc6 bxc6 16. Ba3 Re8 17. Nbd2 Bf5 18. Bc2 Nc3 19. Qc1 Nf4 20. Bd1 Nxd1 21. Qxd1 Re6 22. Nf1 Rc8 23. Ng3 Bg6 24. Qd2 Nh5 25. Ng5 Re8 26. Nxh5 Bxh5 27. f4 f6 28. Nh3 c5 29. dxc5 Bxc5+ 30. Bxc5 Rxc5 31. Nf2 Qb6 32. Rab1 Qc6 33. Rbc1 fxe5 34. Rxc5 Qxc5 35. fxe5 Bg6 36. h3 Be4 37. Qb2 Rf8 38. Re2 Bd3 39. Rd2 Bc4 40. Kh2 Qe3 41. Ng4 Qf4+ 42. Kg1 Qf1+ 43. Kh2 Qf4+ 44. Kg1 Qf1+ 45. Kh2 Qf4+ 46. Kg1 Qf1+ 47. Kh2 Qf4+ 48. Kg1 Qg3 49. Rf2 Rxf2 50. Nxf2 h6 51. e6 Qb3 52. Qd4 1/2-1/2

[Event "IIFL Wealth  4th Mumbai Junior U-13"]
[Site "Mumbai"]
[Date "2019.01.07"]
[Round "9"]
[White "Sadbhav Rautela"]
[Black "Mitank Maru"]
[Result "1-0"]
[ECO "B28"]
[WhiteElo "1746"]
[BlackElo "1312"]
[Annotator "NA RC"]
[PlyCount "111"]
[EventDate "2018.12.30"]
[EventType "swiss"]
[EventCountry "IND"]
[SourceTitle "playchess.com"]
[Source "ChessBase"]
[SourceQuality "1"]
[TimeControl "40/5400+30:1800+30"]

1. e4 c5 2. Nf3 a6 3. d4 cxd4 4. Nxd4 Nf6 5. Nc3 e5 6. Nf3 Bb4 7. Bg5 Qc7 8. Bd2 d6 9. Bd3 O-O 10. O-O Bg4 11. h3 Be6 12. a3 Ba5 13. Qe2 Nc6 14. Rad1 b5 15. a4 Bxc3 16. Bxc3 b4 17. Bd2 a5 18. Bg5 Nd7 19. Bb5 Rfe8 20. Qd2 Na7 21. Qxd6 Nxb5 22. axb5 Qxc2 23. Rd2 Qxe4 24. Re1 Qb7 25. Nxe5 Nb6 26. Be3 Nc4 27. Nxc4 Bxc4 28. b6 h6 29. Rc1 Be6 30. Rc7 Qb8 31. b7 Ra6 32. Qg3 Kh7 33. Bf4 Qa7 34. b8=Q Qxb8 35. Rxf7 Bxf7 36. Bxb8 Re1+ 37. Kh2 Rae6 38. Rd7 Kg8 39. Bf4 Ra1 40. Bxh6 Rxh6 41. Qb8+ Kh7 42. Rxf7 Re6 43. Qg3 Rg6 44. Qh4+ Kg8 45. Rf4 Rd6 46. Rf5 Rc1 47. Qe7 Rcc6 48. Rxa5 Re6 49. Ra8+ Kh7 50. Qh4+ Rh6 51. Qxb4 Rb6 52. Qe4+ Rbg6 53. Ra6 Rxh3+ 54. gxh3 Kh8 55. Qxg6 Kg8 56. Ra8# 1-0

[Event "IIFL Wealth  4th Mumbai Junior U-13"]
[Site "Mumbai"]
[Date "2019.01.07"]
[Round "9"]
[White "Mayank Chakraborty"]
[Black "Adireddy Tarun"]
[Result "1-0"]
[ECO "C70"]
[WhiteElo "1691"]
[BlackElo "1553"]
[Annotator "NA RC"]
[PlyCount "81"]
[EventDate "2018.12.30"]
[EventType "swiss"]
[EventCountry "IND"]
[SourceTitle "playchess.com"]
[Source "ChessBase"]
[SourceQuality "1"]
[TimeControl "40/5400+30:1800+30"]

1. e4 e5 2. Nf3 Nc6 3. Bb5 a6 4. Ba4 g6 5. c3 Bg7 6. d4 exd4 7. cxd4 b5 8. Bb3 Nge7 9. O-O O-O 10. Nc3 d6 11. h3 Na5 12. Bc2 c5 13. Bg5 h6 14. Bf4 Nb7 15. Qd2 g5 16. Be3 Nc6 17. Rad1 c4 18. a4 f5 19. exf5 Bxf5 20. Bxf5 Rxf5 21. d5 Ne7 22. axb5 axb5 23. Nxb5 Nxd5 24. Nbd4 Rf7 25. Ne6 Nxe3 26. Nxd8 Nxf1 27. Rxf1 Rxd8 28. Qd5 Rc8 29. Re1 Kf8 30. Qe6 Rfc7 31. Qf5+ Kg8 32. Qg6 Kf8 33. Re3 Ra8 34. Nd4 Ra1+ 35. Kh2 Be5+ 36. g3 Rf7 37. Ne6+ Ke7 38. f4 Rf6 39. Qg8 Rf7 40. Qc8 Nc5 41. Nxc5 1-0

[Event "IIFL Wealth  4th Mumbai Junior U-13"]
[Site "Mumbai"]
[Date "2019.01.07"]
[Round "9"]
[White "Pawar, Harshit"]
[Black "Shravan Swaminathan"]
[Result "1-0"]
[ECO "B10"]
[WhiteElo "1671"]
[BlackElo "1569"]
[Annotator "NA RC"]
[PlyCount "69"]
[EventDate "2018.12.30"]
[EventType "swiss"]
[EventCountry "IND"]
[SourceTitle "playchess.com"]
[Source "ChessBase"]
[SourceQuality "1"]
[TimeControl "40/5400+30:1800+30"]

1. e4 c6 2. Bc4 d5 3. Bb3 e6 4. e5 c5 5. c3 Nc6 6. Nf3 Nge7 7. O-O Bd7 8. Re1 Qb6 9. d3 Ng6 10. Nbd2 Be7 11. Nf1 O-O-O 12. d4 Rdg8 13. Be3 h5 14. h3 Nf8 15. dxc5 Bxc5 16. Ng5 Nd8 17. Qf3 Be8 18. h4 Nd7 19. Bxc5 Qxc5 20. Ng3 Qe7 21. Rad1 f6 22. exf6 gxf6 23. Nf5 Qf8 24. Nxe6 Nxe6 25. Rxe6 Ne5 26. Qe3 Bd7 27. Ne7+ Kd8 28. Rxd5 Rg7 29. Qxa7 Kc7 30. Rc5+ Bc6 31. Rcxc6+ Nxc6 32. Rxc6+ Kd8 33. Rc8+ Kxe7 34. Qc5+ Kd7 35. Qc7# {[%emt 0:00:04] Qd8} 1-0

[Event "IIFL Wealth  4th Mumbai Junior U-13"]
[Site "Mumbai"]
[Date "2019.01.07"]
[Round "9"]
[White "Makwana Devam"]
[Black "Bhagyashree G Patil"]
[Result "1-0"]
[ECO "B01"]
[WhiteElo "1617"]
[BlackElo "1215"]
[Annotator "NA RC"]
[PlyCount "87"]
[EventDate "2018.12.30"]
[EventType "swiss"]
[EventCountry "IND"]
[SourceTitle "playchess.com"]
[Source "ChessBase"]
[SourceQuality "1"]
[TimeControl "40/5400+30:1800+30"]

1. e4 d5 2. exd5 Nf6 3. d4 Nxd5 4. c4 Nf6 5. Nc3 Bf5 6. Nf3 e6 7. Qb3 Qc8 8. Bf4 c6 9. Be2 Be7 10. O-O O-O 11. Rfd1 Nbd7 12. a4 Rd8 13. Rac1 Nb6 14. a5 Nbd7 15. Qa4 a6 16. b4 h6 17. h3 Re8 18. d5 c5 19. b5 Bf8 20. dxe6 fxe6 21. Ne5 Nxe5 22. Bxe5 Ne4 23. Bf3 Nxc3 24. Bxc3 Rd8 25. Rxd8 Qxd8 26. Bxb7 Rb8 27. bxa6 Qg5 28. Re1 Bxh3 29. Qc6 Bf5 30. a7 Rd8 31. Bc8 Bd6 32. a8=Q Qh4 33. g3 Bxg3 34. fxg3 Qxg3+ 35. Qg2 Qxc3 36. Bxe6+ Bxe6 37. Qxd8+ Kh7 38. Qe4+ g6 39. Qb7+ Qg7 40. Qxg7+ Kxg7 41. Rxe6 h5 42. Qf6+ Kh7 43. Qxg6+ Kh8 44. Re8# 1-0

[Event "IIFL Wealth  4th Mumbai Junior U-13"]
[Site "Mumbai"]
[Date "2019.01.07"]
[Round "9"]
[White "Laddha, Shubh Jayesh"]
[Black "Potawad Anirudhha"]
[Result "1/2-1/2"]
[ECO "C67"]
[WhiteElo "1567"]
[BlackElo "1849"]
[Annotator "NA RC"]
[PlyCount "74"]
[EventDate "2018.12.30"]
[EventType "swiss"]
[EventCountry "IND"]
[SourceTitle "playchess.com"]
[Source "ChessBase"]
[SourceQuality "1"]
[TimeControl "40/5400+30:1800+30"]

1. e4 e5 2. Nf3 Nc6 3. Bb5 Nf6 4. O-O Nxe4 5. d4 Nd6 6. Bxc6 dxc6 7. dxe5 Nf5 8. Qxd8+ Kxd8 9. Nc3 h6 10. h3 Be7 {[%emt 0:08:12] C67: Ruy Lopez: Berlin Defence: 4 0-0 Nxe4} (10... Bd7 11. b3 Kc8 12. Bb2 b6 13. Rad1 Ne7 14. Ne4 c5 15. Rfe1 Be6 16. c4 Nc6 17. Ng3 a6 18. Nh5 g5 19. g4 b5 20. Nd2 {1-0 (58) Duda,J (2737)-Karjakin,S (2773) chess.com INT 2018}) 11. Bf4 Be6 12. Rad1+ Kc8 13. a3 a5 14. Rd2 $146 ({Predecessor:} 14. g4 $11 Nh4 15. Nxh4 Bxh4 16. Kg2 Be7 17. Ne2 a4 18. Nd4 Ra5 {0-1 (50) Cheparinov,I (2478)-Komljenovic,D (2431) Seville 2003}) 14... b6 15. Rfd1 Kb7 16. Ne2 Bd5 17. Ned4 Nxd4 18. Nxd4 g6 19. Re1 Bg5 20. Bxg5 hxg5 21. e6 c5 22. Nf3 Bxf3 23. gxf3 Rae8 24. e7 Rxh3 25. Rd8 Rhh8 26. Red1 Kc6 27. b3 b5 28. c3 f5 29. b4 ({White should try} 29. R1d2 $14) 29... axb4 30. axb4 cxb4 (30... f4 $14) 31. cxb4 Kb6 32. Kg2 f4 33. R1d2 Kc6 34. Rc2+ Kb6 {[%emt 0:00:40] [#]} 35. Rcd2 (35. Rd7 $1 $16 Rc8 36. Re2) 35... Kc6 36. Rc2+ Kb6 37. Rcd2 Kc6 $16 1/2-1/2

[Event "IIFL Wealth  4th Mumbai Junior U-13"]
[Site "Mumbai"]
[Date "2019.01.07"]
[Round "9"]
[White "Sarvade Mihiir"]
[Black "Vishal Shewale"]
[Result "0-1"]
[ECO "E91"]
[WhiteElo "1563"]
[BlackElo "1287"]
[Annotator "NA RC"]
[PlyCount "96"]
[EventDate "2018.12.30"]
[EventType "swiss"]
[EventCountry "IND"]
[SourceTitle "playchess.com"]
[Source "ChessBase"]
[SourceQuality "1"]
[TimeControl "40/5400+30:1800+30"]

1. d4 Nf6 2. c4 g6 3. Nc3 Bg7 4. e4 d6 5. Nf3 O-O 6. Be2 Na6 7. Bg5 Qe8 8. O-O e5 9. d5 Nc5 10. Nd2 a5 11. b3 h6 12. Be3 Nfd7 13. a3 f5 14. f3 f4 15. Bf2 g5 16. b4 Na6 17. Nb3 a4 18. Nxa4 Nf6 19. Nb2 Qg6 20. c5 g4 21. Qe1 Nh5 22. fxg4 Bxg4 23. Bxg4 Qxg4 24. Kh1 f3 25. g3 Nf4 26. Nc1 Ne2 27. Nxe2 fxe2 28. Rg1 Qxe4+ 29. Rg2 Nxb4 30. Bg1 Rf1 31. Qxe2 Qxe2 32. Rxe2 Rxa1 33. axb4 R8a2 34. cxd6 cxd6 35. Rg2 Rb1 36. Nc4 Rxg2 37. Kxg2 Bf8 38. Ne3 Rxb4 39. Nf5 Kf7 40. Be3 h5 41. h3 Kf6 42. Nh4 Rb5 43. g4 hxg4 44. hxg4 Rxd5 45. g5+ Kg7 46. Nf5+ Kg8 47. g6 e4 48. Ng3 Kg7 0-1

[Event "IIFL Wealth  4th Mumbai Junior U-13"]
[Site "Mumbai"]
[Date "2019.01.07"]
[Round "9"]
[White "Bajaj Prakhar"]
[Black "Bagwe Gaurang"]
[Result "1-0"]
[ECO "D02"]
[WhiteElo "1551"]
[BlackElo "1768"]
[Annotator "NA RC"]
[PlyCount "117"]
[EventDate "2018.12.30"]
[EventType "swiss"]
[EventCountry "IND"]
[SourceTitle "playchess.com"]
[Source "ChessBase"]
[SourceQuality "1"]
[TimeControl "40/5400+30:1800+30"]

1. d4 d5 2. Nf3 Nf6 3. Bf4 e6 4. e3 Be7 5. Bd3 O-O 6. Nbd2 Nbd7 7. Ne5 Nxe5 8. dxe5 Nd7 9. Nf3 f6 10. h4 h6 11. Bg6 fxe5 12. Nxe5 Nxe5 13. Bxe5 Bxh4 14. g3 Bf6 15. Bf4 Bg5 16. Qd3 Qe7 17. O-O-O c6 18. Bxg5 Qxg5 19. f4 Qe7 20. g4 e5 21. g5 exf4 22. exf4 Rxf4 23. gxh6 Qg5 24. Qe3 Bg4 25. h7+ Kh8 26. Rde1 Raf8 27. Bd3 d4 28. Qd2 Qf6 29. Qb4 b6 30. Qb3 Rf3 31. Qg8+ Rxg8 32. hxg8=Q+ Kxg8 33. Bc4+ Be6 34. Rxe6 Qg5+ 35. Kb1 Qd5 36. Bxd5 cxd5 37. Rd6 Rf5 38. b3 g5 39. Rd7 g4 40. Rg1 Rg5 41. Kc1 g3 42. Kd2 g2 43. Re7 b5 44. Re2 a5 45. Rexg2 Rxg2+ 46. Rxg2+ Kf7 47. Kd3 a4 48. Kxd4 axb3 49. axb3 Ke6 50. Rg5 b4 51. Rxd5 Ke7 52. Kc4 Ke6 53. Rd3 Ke5 54. Kxb4 Ke4 55. Kc4 Ke5 56. b4 Ke4 57. b5 Kf4 58. b6 Ke4 59. b7 {[%emt 0:00:04] Kd5+} 1-0

[Event "IIFL Wealth  4th Mumbai Junior U-13"]
[Site "Mumbai"]
[Date "2019.01.07"]
[Round "9"]
[White "Mahi Amit Doshi"]
[Black "Tambe Shardul"]
[Result "1/2-1/2"]
[ECO "D00"]
[WhiteElo "1551"]
[BlackElo "1250"]
[Annotator "NA RC"]
[PlyCount "93"]
[EventDate "2018.12.30"]
[EventType "swiss"]
[EventCountry "IND"]
[SourceTitle "playchess.com"]
[Source "ChessBase"]
[SourceQuality "1"]
[TimeControl "40/5400+30:1800+30"]

1. d4 d5 2. Bf4 Nf6 3. e3 e6 4. Nf3 c5 5. c3 Nc6 6. Nbd2 Be7 7. h3 h6 8. Bd3 O-O 9. O-O Bd6 10. Bxd6 Qxd6 11. Re1 e5 12. dxe5 Nxe5 13. Nxe5 Qxe5 14. Nf3 Qc7 15. Qc2 Re8 16. Rad1 Bd7 17. c4 dxc4 18. Bxc4 b5 19. Bd5 Rac8 20. Nh4 Be6 21. Bxe6 Rxe6 22. Qd3 c4 23. Qc2 Qa5 24. a3 c3 25. Nf5 g6 26. Nd4 Ree8 27. Ra1 cxb2 28. Qxb2 Nd7 29. Qxb5 Qc7 30. a4 Re5 31. Qd3 Nc5 32. Qc3 Ne6 33. Qxc7 Rxc7 34. Nb5 Rd7 35. Rec1 a6 36. Na3 Rc5 37. Rxc5 Nxc5 38. Nc4 Rb7 39. a5 Nb3 40. Ra2 Nc5 41. Kf1 Ne4 42. Rb2 Rc7 43. Rb4 Rxc4 44. Rb6 Kg7 45. Rxa6 Ra4 46. Ra8 Ra2 47. a6 1/2-1/2

[Event "IIFL Wealth  4th Mumbai Junior U-13"]
[Site "Mumbai"]
[Date "2019.01.07"]
[Round "9"]
[White "Rajbeer Ahmed"]
[Black "Sathi Akshaj Mayank"]
[Result "1-0"]
[ECO "A49"]
[WhiteElo "1550"]
[BlackElo "1194"]
[Annotator "NA RC"]
[PlyCount "99"]
[EventDate "2018.12.30"]
[EventType "swiss"]
[EventCountry "IND"]
[SourceTitle "playchess.com"]
[Source "ChessBase"]
[SourceQuality "1"]
[TimeControl "40/5400+30:1800+30"]

1. d4 Nf6 2. Nf3 g6 3. g3 Bg7 4. Bg2 O-O 5. O-O d6 6. Nbd2 Nbd7 7. c3 Nb6 8. e4 Re8 9. e5 dxe5 10. Nxe5 c6 11. Ndf3 Nfd7 12. Nxf7 Qc7 13. Bf4 e5 14. N7xe5 Nxe5 15. Nxe5 Qe7 16. Re1 Qf8 17. Nd3 Rd8 18. Bc7 Re8 19. Rxe8 Qxe8 20. Be5 Bf8 21. Qf3 Bg7 22. Bxg7 Kxg7 23. Re1 Qd7 24. Nf4 Qf7 25. d5 cxd5 26. Nxd5 Be6 27. Qxf7+ Bxf7 28. Nxb6 axb6 29. a3 Rd8 30. Bxb7 Rd2 31. b4 Ra2 32. Re7 Kf8 33. Rxf7+ Kxf7 34. Bd5+ Kf6 35. Bxa2 Ke5 36. a4 Kd6 37. c4 Kc6 38. f4 Kd6 39. g4 Ke7 40. h4 Kf6 41. a5 Ke7 42. a6 Kd7 43. a7 Kc7 44. a8=Q Kd6 45. Qd5+ Ke7 46. c5 bxc5 47. bxc5 Ke8 48. c6 Ke7 49. Qd7+ Kf6 50. Qf7# 1-0

[Event "IIFL Wealth  4th Mumbai Junior U-13"]
[Site "Mumbai"]
[Date "2019.01.07"]
[Round "9"]
[White "Kshatriya Nitin Vekhande"]
[Black "Thatavarthy Siva Suhas"]
[Result "1/2-1/2"]
[ECO "B78"]
[WhiteElo "1544"]
[BlackElo "1173"]
[Annotator "NA RC"]
[PlyCount "95"]
[EventDate "2018.12.30"]
[EventType "swiss"]
[EventCountry "IND"]
[SourceTitle "playchess.com"]
[Source "ChessBase"]
[SourceQuality "1"]
[TimeControl "40/5400+30:1800+30"]

1. e4 c5 2. Nf3 d6 3. d4 cxd4 4. Nxd4 Nf6 5. Nc3 g6 6. Be3 Bg7 7. f3 O-O 8. Qd2 Nc6 9. Bc4 Bd7 10. O-O-O Qa5 11. Nb3 Qb4 12. Bd3 Na5 13. Kb1 Nxb3 14. cxb3 Rfc8 15. Bc4 a6 16. g4 b5 17. Bd5 Bc6 18. h4 Bxd5 19. exd5 Nd7 20. h5 Bxc3 21. bxc3 Qxc3 22. hxg6 fxg6 23. Qh2 Qg7 24. Bd4 Qf7 25. Bb2 Rc7 26. f4 Rac8 27. Rd2 Nf6 28. Qg2 Rc5 29. Rhd1 a5 30. a3 a4 31. b4 Rc4 32. Qf3 Ne4 33. Rd3 Nf6 34. R1d2 Ne4 35. Rd1 Nf6 36. R1d2 Ne4 37. Rd1 Nf6 38. Rh1 Rf8 39. Bc1 Nd7 40. Qh3 Rfc8 41. g5 Nf8 42. Re1 R4c7 43. Rf1 Qf5 44. Bb2 Qxh3 45. Rxh3 Rc4 46. Re3 R8c7 47. Rf2 Rb7 48. Rff3 1/2-1/2